 Dungeon Crawl Stone Soup version 0.17-a0-1519-g2001520 (webtiles) character file.

72 mrath the Digger (level 4, -6/24 HPs)
             Began as a Gargoyle Earth Elementalist on July 13, 2015.
             Was an Initiate of Vehumet.
             Killed by divine providence
             ... invoked by an orc priest
              (12 damage)
             ... on level 3 of the Dungeon.
             The game lasted 00:27:13 (2536 turns).

mrath the Digger (Gargoyle Earth Elementalist)      Turns: 2536, Time: 00:27:13

Health: -6/24      AC:  5    Str: 11    XL:     4   Next: 26%
Magic:  9/9        EV: 12    Int: 17    God:    Vehumet [......]
Gold:   68         SH:  0    Dex: 10    Spells: 3 memorised, 3 levels left

rFire  . . .     SeeInvis .     k - -1 blowgun (curse)
rCold  . . .     Clarity  .     b - +0 robe
rNeg   + . .     SustAt   .     (no shield)
rPois  ∞         Gourm    .     (no helmet)
rElec  +         Spirit   .     (no cloak)
rCorr  .         Warding  .     (no gloves)
rMut   .         Stasis   .     (no boots)
MR     +....                    (no amulet)
Stlth  ++........               (no ring)
                                o - ring of protection from magic

@: somewhat resistant to hostile enchantments, unstealthy
A: negative energy resistance 1, electricity resistance, unbreathing,
petrification resistance, rot immunity, AC +3
a: Renounce Religion


You were on level 3 of the Dungeon.
You worshipped Vehumet.
Vehumet was noncommittal.
You were not hungry.

You visited 1 branch of the dungeon, and saw 4 of its levels.

You collected 68 gold pieces.

Inventory:

Hand weapons
 e - a +0 club
 k - a cursed -1 blowgun (weapon)
 m - a +0 mace
 q - a +0 short sword
Missiles
 a - 14 stones
 l - 15 bolts
 r - 11 poisoned needles (quivered)
Armour
 b - a +0 robe (worn)
Jewellery
 o - a ring of protection from magic (left hand)
 p - an uncursed ring of stealth {unknown}
Potions
 f - a potion of might {unknown}
 i - a potion of mutation {unknown}
 j - a potion of cancellation {unknown}
Books
 c - a book of Geomancy

   Spells                             Type                      Level
   a - Sandblast                      Earth                        1
   b - Stoneskin                      Transmutation/Earth          2
   c - Passwall                       Transmutation/Earth          3
   d - Stone Arrow                    Conjuration/Earth            3
   e - Petrify                        Transmutation/Earth          4
   f - Lee's Rapid Deconstruction     Earth                        5
Comestibles
 d - 3 bread rations
 h - a chunk of flesh


   Skills:
 - Level 1.5 Dodging
 - Level 2.1 Stealth
 * Level 3.3 Spellcasting
 - Level 0.7 Transmutations
 + Level 4.7 Earth Magic


You had 3 spell levels left.
You knew the following spells:

 Your Spells              Type           Power        Failure   Level  Hunger
a - Sandblast             Erth           ###...       2%          1    None
b - Stoneskin             Trmt/Erth      ##......     10%         2    ##.....
c - Stone Arrow           Conj/Erth      ##....       21%         3    ###....


Dungeon Overview and Level Annotations

Branches:
Dungeon (4/15)
 Temple: D:4-7

Altars:
Vehumet

Annotations:
D:3 Robin
D:4 Sigmund


Innate Abilities, Weirdness & Mutations

You are resistant to torment.
Your stone body is resilient (AC +3).
You are immune to poison.
You resist negative energy.
You are resistant to electric shocks.
You can survive without breathing.
You are immune to petrification.
You are immune to rotting.


Message History

A mysterious force pulls you upwards. The hatch slams shut behind you.
Level annotation: Robin The orc priest shouts!
An orc wizard comes into view. It is wielding a dagger.
The orc wizard shouts! x2
Found a royal jelly, 11 gold pieces, a large brass amulet and a meat ration.
The bat barely misses you. The bat misses you. The bat barely misses you.
The bat hits you but does no damage.
The giant newt hisses menacingly.
The giant newt closely misses you.
The orc wizard points at you and mumbles some strange words.
The magic dart hits you!
* * * LOW HITPOINT WARNING * * *
Found a dagger.
The bat hits you but does no damage.
The orc priest invokes the aid of Beogh against you.
Something smites you!
Ouch! That really hurt!
You die...

...................#
#..
...o.$.............#
#..
...................#
#..
%..................#
#..
......oo...........#
#..
...................#
###
......bg.g.........####
.......l..............#
..."...@..............#
......................#
......................#
...%..................#
.................[....#
#####....##.##.###....#
#)#### ..#. #....# #.
.. #....# . ######


You could see an orc priest, 2 orc wizards, 2 goblins, a bat and a giant newt.

Vanquished Creatures
  2 adders (D:2)
  An ooze (D:1)
  A worm (D:3)
  A giant gecko (D:1)
  A ball python (D:1)
  3 giant cockroaches
  A hobgoblin (D:3)
  6 bats
  3 giant newts
  13 goblins (D:1)
  7 kobolds
  4 rats (D:1)
43 creatures vanquished.

Notes
Turn   | Place    | Note
--------------------------------------------------------------
     0 | D:1      | mrath the Gargoyle Earth Elementalist began the quest for the Orb.
     0 | D:1      | Reached XP level 1. HP: 10/10 MP: 3/3
   143 | D:1      | Reached XP level 2. HP: 1/15 MP: 0/5
   528 | D:1      | Reached skill level 4 in Earth Magic
  1046 | D:1      | Reached XP level 3. HP: 19/19 MP: 4/6
  1839 | D:2      | Found a radiant altar of Vehumet.
  1944 | D:1      | Learned a level 2 spell: Stoneskin
  1948 | D:1      | Learned a level 3 spell: Stone Arrow
  1977 | D:2      | Became a worshipper of Vehumet
  2159 | D:2      | Reached XP level 4. HP: 24/24 MP: 8/8
  2183 | D:2      | You fall through a shaft!
  2502 | D:3      | Noticed Robin
  2525 | D:4      | Noticed Sigmund
  2536 | D:3      | Killed from afar by an orc priest

Vault maps used:
D:1:      erik_arrival_cave_to_civilisation
D:2:      old_standard_altar, vehumet_crystals, first_bread
D:3:      nicolae_ru_path_of_blood, kennysheep_generic_room_13, uniq_jessica,
          uniq_terence, uniq_robin
D:4:      minmay_temple_entry_overgrown, uniq_crazy_yiuf_cottage, uniq_duvessa,
          uniq_sigmund

Action                   |  1- 3 |  4- 6 || total
-------------------------+-------+-------++-------
Melee: Unarmed           |    14 |       ||    14
       Club              |    24 |       ||    24
       Mace              |     3 |    19 ||    22
       Short sword       |       |     1 ||     1
 Cast: Sandblast         |    53 |     5 ||    58
  Use: Scroll            |     1 |     2 ||     3
 Stab: Sleeping          |     2 |       ||     2
  Eat: Chunk             |     2 |       ||     2
       Bread ration      |     1 |       ||     1
